 Dungeon Crawl Stone Soup version 0.31.0-1-g2c135a008e (webtiles) character file.

Game seed: 1152607967901624714

425 qw the Shooter (level 7, -2/41 HPs)
             Began as a Djinni Hunter on Jan 23, 2024.
             Slain by a gnoll sergeant
             ... wielding a +1 vampiric spear
              (7 damage)
             ... on level 5 of the Dungeon.
             The game lasted 00:00:15 (3336 turns).

qw the Shooter (Djinni Hunter)                      Turns: 3336, Time: 00:00:15

Health: -2/41      AC:  6    Str: 10    XL:     7   Next: 18%
Gold:   159        EV: 11    Int: 11    God:
                   SH:  0    Dex: 20

rFire   + + +        a - +0 shortbow
rCold   x . .        (shield currently unavailable)
rNeg    . . .        e - +0 ring mail
rPois   inf          (helmet restricted)
rElec   .            j - +0 cloak
rCorr   .            (no gloves)
SInv    .            (boots unavailable)
Will    .....        (no amulet)
Stlth   ++           b - ring of protection from fire
HPRegen 1.06/turn    (no ring)
MPRegen 0.00/turn

%: infuse magic (-3 HP)
@: flying
A: sickness immunity, fire resistance 2, cold vulnerability 1, float, innate
caster, HP casting, extra vitality 1, beak, thin skeletal structure 1, frail 2,
regeneration 1
a: no special abilities


You were on level 5 of the Dungeon.
You visited 1 branch of the dungeon, and saw 5 of its levels.

You collected 159 gold pieces.


Innate Abilities, Weirdness & Mutations

You are immune to sickness and miasma.
You are immune to poison.
Your flesh is very heat resistant. (rF++)
You are vulnerable to cold. (rC-)
You float through the air rather than walking.
You learn spells naturally, not from books.
Your magical power is your life essence.
You have superior vitality. (+4 MHP)
You have a beak for a mouth.
You have a somewhat thin skeletal structure. (Dex +2, Stealth+)
You are very frail. (-20% HP)
Your natural rate of healing is unusually fast.


   Skills:
 - Level 4.2 Fighting
 + Level 5.4 Ranged Weapons
 - Level 1.1 Armour
 - Level 3.1 Dodging
 - Level 0.7 Stealth


You knew the following spells:

 Your Spells              Type           Power      Damage    Failure   Level
a - Magic Dart            Conj           0%         1d3       65%         1
b - Static Discharge      Conj/Air       0%         3-3/arc   80%         2
c - Vampiric Draining     Necr           0%         2d6       95%         3
Your spell library was empty.

Inventory:

Hand Weapons
 a - a +0 shortbow (weapon)
Armour
 e - a +0 ring mail (worn)
 j - a +0 cloak (worn)
Jewellery
 b - a ring of protection from fire (left hand)
 d - a ring of protection from fire
Scrolls
 c - a scroll of identify
Potions
 h - a potion of curing
 i - a potion of brilliance {unknown}
 l - a potion of invisibility {unknown}

Dungeon Overview and Level Annotations

Branches:
Dungeon (5/15)
 Temple: D:4-7

Altars:
Ashenzari

Annotations:
D:3 2 runed translucent doors, qw's ghost, amateur DjHu


Message History

The gnoll sergeant barely misses you.
You shoot an arrow.
The arrow closely misses the gnoll sergeant.
The gnoll sergeant hits you from afar with a +1 vampiric spear!
You shoot an arrow. The arrow hits the gnoll sergeant.
The gnoll sergeant is moderately wounded.
The gnoll sergeant hits you from afar with a +1 vampiric spear.
You shoot an arrow. The arrow hits the gnoll sergeant.
The gnoll sergeant is moderately wounded.
The gnoll sergeant hits you from afar with a +1 vampiric spear. x2
You shoot an arrow.
The arrow hits the gnoll sergeant but does no damage.
The gnoll sergeant is moderately wounded.
The gnoll sergeant hits you from afar with a +1 vampiric spear!
You shoot an arrow. The arrow hits the gnoll sergeant.
The gnoll sergeant is heavily wounded.
The gnoll sergeant hits you but does no damage.
You shoot an arrow.
The arrow hits the gnoll sergeant but does no damage.
The gnoll sergeant is heavily wounded.
The gnoll sergeant misses you.
You shoot an arrow. The arrow hits the gnoll sergeant.
The gnoll sergeant is severely wounded.
The gnoll sergeant hits you from afar with a +1 vampiric spear. x2
You shoot an arrow. The arrow hits the gnoll sergeant.
The gnoll sergeant is almost dead.
The gnoll sergeant hits you from afar with a +1 vampiric spear.
You shoot an arrow.
The arrow hits the gnoll sergeant but does no damage.
The gnoll sergeant is almost dead.
The gnoll sergeant hits you from afar with a +1 vampiric spear.
You shoot an arrow.
The arrow hits the gnoll sergeant but does no damage.
The gnoll sergeant is almost dead.
The gnoll sergeant hits you from afar with a +1 vampiric spear!
You shoot an arrow.
The arrow hits the gnoll sergeant but does no damage.
The gnoll sergeant is almost dead.
The gnoll sergeant hits you from afar with a +1 vampiric spear!
You die...

#.... #. ###.. ..
#... .g #... #g
#).. #g
##############.. #g
#.....##.....##.
#.##.....##.###....
#.@.........# #.###
####.....##.###.#
#.....##.....#
##############


You could see a gnoll sergeant and 3 gnolls.

Vanquished Creatures
  A black bear (D:5)
  A phantom (D:5)
  Jessica (D:2)
  An orc wizard (D:4)
  7 gnolls
  3 adders
  2 ribbon worms (D:3)
  2 dart slugs
  12 orcs
  5 bats
  3 endoplasms
  4 giant cockroaches
  7 goblins
  10 hobgoblins
  15 jackals
  6 kobolds
  3 quokkas
  5 ball pythons
  3 frilled lizards
  7 rats
98 creatures vanquished.

Notes
Turn   | Place    | Note
-------+----------+-------------------------------------------
     0 | D:1      | qw the Djinni Hunter began the quest for the Orb.
     0 | D:1      | Reached XP level 1. HP: 18/18 MP: 0/0
     0 | D:1      | 0 ||| qw: Version: 0.3-a-135-gb77e89d
     0 | D:1      | 0 ||| qw: Game counter: 889
     0 | D:1      | 0 ||| qw: Melee chars always use a shield: true
     0 | D:1      | 0 ||| qw: God list: Okawaru
     0 | D:1      | 0 ||| qw: Allow faded altars: false
     0 | D:1      | 0 ||| qw: Do Orc after clearing Dungeon:15 true
     0 | D:1      | 0 ||| qw: Do second Lair branch before Depths: true
     0 | D:1      | 0 ||| qw: Lair rune preference: random
     0 | D:1      | 0 ||| qw: Goals: Normal
     0 | D:1      | 0 ||| PLANNING D:1-11
    46 | D:1      | Reached XP level 2. HP: 12/23 MP: 0/0
    52 | D:1      | HP: 5/23 [frilled lizard (2)]
   256 | D:1      | Reached XP level 3. HP: 28/28 MP: 0/0
   256 | D:1      | Learned a level 1 spell: Magic Dart
   264 | D:1      | Reached skill level 4 in Ranged Weapons
   812 | D:1      | 812 ||| UPGRADING to +0 cloak.
   817 | D:1      | 817 ||| READING scroll labelled IROEK GYONI.
   820 | D:1      | 820 ||| READING 2 scrolls labelled TEDI ISHOGHIWN.
   820 | D:1      | 820 ||| IDENTIFYING bubbling puce potion
   821 | D:1      | 821 ||| READING scroll of identify.
   821 | D:1      | 821 ||| IDENTIFYING clear potion
   822 | D:1      | 822 ||| READING scroll labelled USKODU UWEXT.
   875 | D:1      | 875 ||| READING scroll labelled TEGRUGU DITEDOEJ.
   976 | D:1      | 976 ||| READING scroll labelled ICUERU BETULOW.
   977 | D:1      | 977 ||| DROPPING scroll of butterflies.
   978 | D:1      | 978 ||| DROPPING potion of attraction.
   979 | D:1      | 979 ||| DROPPING potion of magic.
  1167 | D:2      | Reached XP level 4. HP: 34/34 MP: 0/0
  1193 | D:2      | Noticed Jessica
  1199 | D:2      | Killed Jessica
  1200 | D:2      | Reached skill level 3 in Fighting
  1317 | D:2      | Identified the +2 war axe of the Purse {antimagic, Str+5}
  1459 | D:2      | Found a broken altar of Ashenzari.
  1632 | D:2      | 1632 ||| UPGRADING to +0 ring mail.
  1642 | D:2      | 1642 ||| DROPPING +0 leather armour.
  1643 | D:2      | 1643 ||| UPGRADING to ring of protection from fire.
  1644 | D:2      | 1644 ||| READING scroll of identify.
  1644 | D:2      | 1644 ||| IDENTIFYING ruby potion
  1645 | D:2      | 1645 ||| DROPPING potion of lignification.
  1668 | D:3      | Noticed a bullfrog
  1668 | D:3      | Found a runed translucent door.
  1669 | D:3      | 1669 ||| STAIRDANCE
  1676 | D:3      | Noticed qw's ghost (amateur DjHu)
  1677 | D:3      | 1677 ||| STAIRDANCE
  1730 | D:3      | 1730 ||| RETREEEEATING.
  1737 | D:3      | Reached skill level 1 in Armour
  1737 | D:3      | Reached XP level 5. HP: 37/40 MP: 0/0
  1737 | D:3      | Learned a level 2 spell: Static Discharge
  2391 | D:3      | Found a runed translucent door.
  2491 | D:3      | 2491 ||| READING scroll of identify.
  2491 | D:3      | 2491 ||| IDENTIFYING red potion
  2492 | D:3      | 2492 ||| READING scroll labelled UNANTA RITO.
  2493 | D:3      | 2493 ||| DROPPING potion of degeneration.
  2874 | D:4      | Found a broken altar of Ashenzari.
  2920 | D:4      | Reached XP level 6. HP: 46/46 MP: 0/0
  2922 | D:4      | 2922 ||| DRINKING orange potion.
  2922 | D:4      | Gained mutation: You have a somewhat thin skeletal
                  | structure. (Dex +2, Stealth+) [potion of mutation]
  2922 | D:4      | Gained mutation: Your natural rate of healing is unusually
                  | fast. [potion of mutation]
  2922 | D:4      | Gained mutation: You have hidden genetic defects. [potion
                  | of mutation]
  2922 | D:4      | Gained mutation: You have a beak for a mouth. [potion of
                  | mutation]
  2923 | D:4      | 2923 ||| DRINKING coppery potion.
  2924 | D:4      | 2924 ||| DRINKING 2 murky orange potions.
  2942 | D:4      | Reached skill level 3 in Dodging
  3106 | D:4      | 3106 ||| READING scroll labelled POMMUDD CIKENI.
  3107 | D:4      | 3107 ||| READING scroll labelled QETTEE WYENOJ.
  3128 | D:5      | Entered Level 5 of the Dungeon
  3161 | D:5      | Noticed a black bear
  3170 | D:5      | Killed a black bear
  3171 | D:5      | Reached skill level 5 in Ranged Weapons
  3178 | D:5      | Gained mutation: You are frail. (-10% HP) [hidden defects]
  3216 | D:5      | Reached XP level 7. HP: 41/46 MP: 0/0
  3216 | D:5      | Learned a level 3 spell: Vampiric Draining
  3216 | D:5      | 3216 ||| FLEEEEING.
  3222 | D:5      | Gained mutation: You are very frail. (-20% HP) [hidden
                  | defects]
  3222 | D:5      | Lost mutation: You have hidden genetic defects. [hidden
                  | defects expressed]
  3225 | D:5      | 3225 ||| FLEEEEING.
  3226 | D:5      | 3226 ||| FLEEEEING.
  3227 | D:5      | 3227 ||| FLEEEEING.
  3228 | D:5      | 3228 ||| FLEEEEING.
  3229 | D:5      | 3229 ||| FLEEEEING.
  3230 | D:5      | 3230 ||| FLEEEEING.
  3231 | D:5      | 3231 ||| FLEEEEING.
  3232 | D:5      | 3232 ||| FLEEEEING.
  3333 | D:5      | HP: 10/41 [gnoll sergeant/+1 vampiric spear (2)]
  3335 | D:5      | HP: 4/41 [gnoll sergeant/+1 vampiric spear (7)]
  3336 | D:5      | Slain by a gnoll sergeant

Levels and vault maps discovered:
D:1:      erik_arrival_cave_to_civilisation [erik_arrival_cave_to_hall],
          layout_basic, st_stairs_12
D:2:      layout_loops_ring, basic_altar, uniq_jessica
D:3:      layout_basic, ebering_ghost_sewer_f, minmay_misc_feat_rugged
D:4:      layout_loops_ring, kennysheep_little_box
D:5:      layout_loops_cross, eat_drink_and_be_merry_uskayaw, dk_noncrumbling_2,
          minmay_misc_feat_alley, uniq_eustachio, uniq_grinder

Skill      XL: |  1  2  3  4  5  6 |
---------------+-------------------+-----
Ranged Weapons | 4 5 |  5.4
Fighting       | 3 4 |  4.2
Armour         | 1 |  1.1
Dodging        | 3 |  3.1
Stealth        | |  0.7

Action                     |  1- 3 |  4- 6 |  7- 9 || total
---------------------------+-------+-------+-------++-------
   Fire: Shortbow          |   103 |   193 |    38 ||   334
    Use: Scroll            |     6 |     5 |       ||    11
         Potion            |       |     3 |       ||     3
 Armour: Leather armour    |    29 |     4 |       ||    33
         Ring mail         |       |    96 |    23 ||   119
  Dodge: Dodged            |    35 |    73 |     9 ||   117

Table legend:
 A = Non-vault XP
 B = Vault XP
 C = Vault XP percentage of total XP
 D = Non-vault monster count
 E = Vault monster count
 F = Vault count percentage of total count
                 A         B        C        D         E       F
            +---------+---------+-------+---------+---------+-------
      Total |     567 |      41 |   6.7 |      94 |       4 |   4.1
            +---------+---------+-------+---------+---------+-------
        D:1 |      47 |       4 |   7.8 |      27 |       3 |  10.0
        D:2 |      40 |      37 |  48.1 |      21 |       1 |   4.5
        D:3 |     103 |       0 |   0.0 |      18 |       0 |   0.0
        D:4 |      85 |       0 |   0.0 |      19 |       0 |   0.0
        D:5 |     292 |       0 |   0.0 |       9 |       0 |   0.0
            +---------+---------+-------+---------+---------+-------
